 Dungeon Crawl Stone Soup version 0.17.1-3-g152610e (webtiles) character file.

101 ololoev the Chopper (level 4, 16/35 HPs)
             Began as a Demonspawn Fighter on Feb 17, 2016.
             Was a Follower of Vehumet.
             Quit the game on level 3 of the Dungeon.
             The game lasted 00:04:25 (630 turns).

ololoev the Chopper (Demonspawn Fighter)             Turns: 630, Time: 00:04:25

Health: 16/35      AC: 11    Str: 18    XL:     4   Next: 48%
Magic:  4/4        EV:  5    Int:  9    God:    Vehumet [*.....]
Gold:   34         SH:  0    Dex: 14    Spells: 0 memorised, 3 levels left

rFire  . . .     SeeInvis .     a - +0 war axe
rCold  . . .     Clarity  .     f - +0 plate armour
rNeg   . . .     SustAt   .     (no shield)
rPois  .         Gourm    .     (no helmet)
rElec  .         Spirit   .     (no cloak)
rCorr  .         Warding  .     (no gloves)
rMut   .         Stasis   .     (no boots)
MR     .....                    (no amulet)
Stlth  ..........               (no ring)
                                (no ring)

@: not resistant to hostile enchantments, extremely unstealthy
A: hooves 1, thin skeletal structure 1, powered by pain 1
a: Renounce Religion


Innate Abilities, Weirdness & Mutations

You have large cloven feet.
You have a somewhat thin skeletal structure (Dex +2, Stealth).
You sometimes gain a little power by taking damage.

Inventory:

Hand Weapons
 a - a +0 war axe (weapon)
Armour
 b - a +0 scale mail
 f - a +0 plate armour (worn)
Scrolls
 g - a scroll of magic mapping {unknown}
 i - 2 scrolls of remove curse {unknown}
 k - a scroll of blinking {unknown}
 l - 2 scrolls of enchant armour {unknown}
Potions
 c - a potion of degeneration {unknown}
 j - 2 potions of haste {unknown}
Comestibles
 e - a bread ration
 h - a meat ration


   Skills:
 - Level 3.0 Fighting
 * Level 3.6 Axes
 + Level 3.5 Armour
   Level 2.6 Shields


You had 3 spell levels left.
You didn't know any spells.


You were on level 3 of the Dungeon.
You worshipped Vehumet.
Vehumet was aware of your devotion.
You were not hungry.

You visited 1 branch of the dungeon, and saw 3 of its levels.

You collected 34 gold pieces.

... ##.#.#
...##....#
#..##....#
#..##....##
#..##.....#
#.)##..#..#
#.####..##.#_#.#
#.........†.#..#
#####.@#......#
#...##...##
.........##
...###.#####
#.... #.# ....
#.# #.. #.# ##.
..

Notes
Turn   | Place    | Note
--------------------------------------------------------------
     0 | D:1      | ololoev the Demonspawn Fighter began the quest for the Orb.
     0 | D:1      | Reached XP level 1. HP: 18/18 MP: 1/1
    77 | D:1      | Gained mutation: You have large cloven feet. [demonic ancestry]
    77 | D:1      | Reached XP level 2. HP: 24/24 MP: 2/2
   370 | D:2      | Gained mutation: You sometimes gain a little power by taking damage. [demonic ancestry]
   370 | D:2      | Reached XP level 3. HP: 24/29 MP: 3/3
   539 | D:3      | Gained mutation: You have a somewhat thin skeletal structure (Dex +2, Stealth). [demonic ancestry]
   539 | D:3      | Reached XP level 4. HP: 14/35 MP: 4/4
   560 | D:3      | Noticed Ijyb
   567 | D:3      | Killed Ijyb
   605 | D:3      | Found a faded altar to an unknown god.
   619 | D:3      | Became a worshipper of Vehumet
   619 | D:3      | Reached * piety under Vehumet
   619 | D:3      | Offered knowledge of Flame Tongue by Vehumet.
   630 | D:3      | Quit the game

Dungeon Overview and Level Annotations

Branches:
Dungeon (3/15)

Altars:
Vehumet


Message History

a club; the goblin corpse of Ijyb
Found 32 stones.
You see here 32 stones.
A quokka comes into view.
Found a faded altar to an unknown god.
The quokka bites you but does no damage.
Found a scroll labeled RILAAX MOBLO.
You closely miss the quokka. Your kick misses the quokka. The quokka bites you.
The quokka bites you.
You closely miss the quokka. Your kick misses the quokka. The quokka bites you.
The quokka bites you but does no damage.
You completely miss the quokka. You kick the quokka, but do no damage.
The quokka bites you but does no damage.
Your plate armour prevents you from hitting the quokka.
Your kick misses the quokka.
The quokka bites you but does no damage. x2
You miss the quokka.
The quokka bites you but does no damage.
You slash the quokka!
You kill the quokka!
A worm comes into view.
Found 2 gold pieces.
There is a faded altar to an unknown god here.
This altar will convert you to a god.
You cannot discern which.
Do you pray? Vehumet accepts your prayer! Vehumet welcomes you!
You can now gain magical power from killing.
Vehumet offers you knowledge of Flame Tongue.
You completely miss the worm. You kick the worm!
The worm is heavily wounded.
The worm bites you.
You slice the worm!!
You kill the worm!
Vehumet accepts your kill.
You see here a worm corpse.
i - 2 scrolls labeled RILAAX MOBLO (gained 1)
You feel a little less mighty now.
Found a short sword.
You now have 34 gold pieces (gained 2).
Are you sure you want to abandon this character and quit the game? (Confirm with "yes".)

There were no monsters in sight!

Vanquished Creatures
  Ijyb (D:3)
  3 adders (D:2)
  An ooze (D:3)
  A worm (D:3)
  An orc (D:3)
  2 giant cockroaches (D:1)
  5 goblins
  4 hobgoblins
  3 jackals (D:2)
  2 quokkas
  6 bats
  A giant newt (D:2)
  4 kobolds
  3 rats (D:1)
37 creatures vanquished.

Action                   |  1- 3 |  4- 6 || total
-------------------------+-------+-------++-------
Melee: War axe           |   108 |    11 ||   119
  Use: Potion            |       |     1 ||     1

Vault maps used:
D:1:      co_arrival_square_in_a_square_in_a_square, serial_forest,
          infiniplex_forest_3_way, infiniplex_forest_clump_curved,
          infiniplex_forest_straight_4, infiniplex_forest_diagonal,
          infiniplex_forest_end_2, infiniplex_forest_corner_2,
          infiniplex_forest_clump_medium, serial_bayou_pond_b,
          minmay_misc_feat_ornament, kennysheep_minor_cross
D:2:      kiku_gazebo_garden_becter, nicolae_ru_great_annihilating_truth
D:3:      ecumenical_altar_1, serial_bayou_pond_e, patterned_corridor, uniq_iyjb
